 Dungeon Sprint DCSS version 0.19.1 (webtiles) character file.

877 kraedy the Basher (level 8, -5/52 HPs)
             Began as a Gargoyle Fighter on Dec 11, 2016.
             Was a Believer of the Shining One.
             Slain by an iron imp (10 damage)
             ... summoned by a kobold demonologist
             ... in the Dungeon (Sprint I: "Red Sonja").
             The game lasted 00:01:53 (831 turns).

kraedy the Basher (Gargoyle Fighter)                 Turns: 831, Time: 00:01:54

Health: -5/52      AC:  1    Str: 22    XL:     8   Next: 4%
Magic:  8/10       EV:  8    Int:  9    God:    the Shining One [**....]
Gold:   412        SH: 10    Dex:  9    Spells: 0 memorised, 7 levels left

rFire  . . .     SeeInvis .     a - +0 flail
rCold  . . .     Gourm    .     b - +0 scale mail
rNeg   + + .     Faith    .     c - +0 shield
rPois  ∞         Spirit   .     (no helmet)
rElec  +         Reflect  .     (no cloak)
rCorr  .         Harm     .     (no gloves)
MR     .....     NoTele   +     (no boots)
Stlth  ..........               (no amulet)
                                (no ring)
                                (no ring)

@: corroded, very slightly contaminated, hasted, glowing, very quick
A: negative energy resistance 1, electricity resistance, unbreathing,
petrification resistance, rot immunity, AC +5
a: Divine Shield, Renounce Religion


You were in the Dungeon.
You worshipped the Shining One.
The Shining One was pleased with you.
You were not hungry.

You visited 1 branch You collected 412 gold pieces.

Inventory:

Hand Weapons
 a - a +0 flail (weapon)
Armour
 b - a +0 scale mail (worn)
 c - a +0 shield (worn)
Scrolls
 k - a scroll of blinking
 m - a scroll of enchant weapon {unknown}
 n - a scroll of vulnerability {unknown}
Potions
 d - a potion of might
 e - a potion of curing
 g - a potion of heal wounds
 i - 2 potions of magic
 j - a potion of berserk rage
Comestibles
 f - a bread ration


   Skills:
 + Level 6.4 Fighting
 + Level 13.4 Maces & Flails
 + Level 7.5 Armour
 + Level 1.2 Dodging
 + Level 6.6 Shields
 * Level 2.7 Invocations


You had 7 spell levels left.
You didn't know any spells.

Dungeon Overview and Level Annotations

Branches:
Dungeon (1/1)

Altars:
Cheibriados
Dithmenos
Elyvilon
Fedhas
Gozag
Hepliaklqana
Kikubaaqudgha
Makhleb
Nemelex Xobeh
Okawaru
Qazlal
Ru
Sif Muna
Trog
Uskayaw
Vehumet
Xom
Yredelemnul
Zin
The Shining One
Jiyva
Lugonu

Shops:
D }


Innate Abilities, Weirdness & Mutations

You are resistant to torment.
Your stone body is resilient. (AC +5)
You are immune to poison.
You resist negative energy. (rN+)
You are resistant to electric shocks. (rElec)
You can survive without breathing.
You are immune to petrification.
You are immune to rotting.


Message History

The kobold demonologist looks braver for a moment.
The rust devil hits you. The rust devil corrodes you!
The soul eater draws from the surrounding life force!
The kobold demonologist gestures wildly while chanting.
The rust devil hits you. The rust devil corrodes you! The soul eater hits you!
* * * LOW HITPOINT WARNING * * *
The floating eye seems to glare at you.
The kobold demonologist gestures wildly while chanting.
The rust devil hits you.
* * * LOW HITPOINT WARNING * * *
The rust devil corrodes you!
The soul eater draws from the surrounding life force!
* * * LOW HITPOINT WARNING * * *
You can move again.
You hit the kobold demonologist but do no damage.
The kobold demonologist is severely wounded.
The kobold demonologist hits you with a dagger.
* * * LOW HITPOINT WARNING * * *
The iron imp hits you!
You die...

######################
..'..#.)'..#__#35KG5.#
))#..'..#..'..'4@#
####'#####'#__####
###..#...#.####
__####..##.#
_____##'#..+
_.∩...'..._#
_..__##_.#'#
_____###+#.# ######
###


You could see a soul eater, a rust devil, a kobold demonologist, a floating eye,
an iron imp and a shadow imp.

Vanquished Creatures
  A kobold demonologist (D)
  A slime creature (D)
  Sigmund (D)
  A yak (D)
  An ogre (D)
  A jelly (D)
  Ijyb (D)
7 creatures vanquished.

Vanquished Creatures (others)
  A gargoyle (D)
1 creature vanquished.

Grand Total: 8 creatures vanquished

Notes
Turn   | Place    | Note
-------+----------+-------------------------------------------
     0 | D        | kraedy the Gargoyle Fighter began the quest for the Orb.
     0 | D        | Reached XP level 1. HP: 14/14 MP: 1/1
     2 | D        | Noticed Ijyb
    10 | D        | Killed Ijyb
    10 | D        | Reached skill level 6 in Maces & Flails
    10 | D        | Reached XP level 2. HP: 19/19 MP: 2/2
    10 | D        | Reached XP level 3. HP: 23/23 MP: 3/3
    14 | D        | Noticed an ogre
    21 | D        | Killed an ogre
    21 | D        | Reached skill level 9 in Maces & Flails
    21 | D        | Reached XP level 4. HP: 10/28 MP: 4/4
   226 | D        | Noticed Sigmund
   240 | D        | Killed Sigmund
   240 | D        | Reached skill level 12 in Maces & Flails
   240 | D        | Reached XP level 5. HP: 26/32 MP: 5/5
   240 | D        | Reached XP level 6. HP: 30/37 MP: 6/6
   319 | D        | Found a deep blue altar of Sif Muna.
   321 | D        | Found a radiant altar of Vehumet.
   358 | D        | Found Imimenuw's Gadget Emporium.
   358 | D        | Found an ancient bone altar of Kikubaaqudgha.
   358 | D        | Found a hazy altar of Hepliaklqana.
   358 | D        | Found a stormy altar of Qazlal.
   358 | D        | Found a hide-covered altar of Uskayaw.
   358 | D        | Found a blossoming altar of Fedhas.
   358 | D        | Found a bloodstained altar of Trog.
   358 | D        | Found an iron altar of Okawaru.
   358 | D        | Found a basalt altar of Yredelemnul.
   358 | D        | Found a glowing golden altar of the Shining One.
   358 | D        | Found a snail-covered altar of Cheibriados.
   358 | D        | Found a sacrificial altar of Ru.
   358 | D        | Found a glowing silver altar of Zin.
   358 | D        | Found a shadowy altar of Dithmenos.
   358 | D        | Found a white marble altar of Elyvilon.
   358 | D        | Noticed a yak
   378 | D        | Killed a yak
   378 | D        | Reached skill level 5 in Armour
   378 | D        | Reached XP level 7. HP: 8/44 MP: 7/7
   382 | D        | Found an opulent altar of Gozag.
   383 | D        | Found a sparkling altar of Nemelex Xobeh.
   637 | D        | Became a worshipper of the Shining One
   651 | D        | Found a viscous altar of Jiyva.
   651 | D        | Found a corrupted altar of Lugonu.
   651 | D        | Noticed a slime creature
   652 | D        | Found a burning altar of Makhleb.
   652 | D        | Found a shimmering altar of Xom.
   658 | D        | Killed a slime creature
   658 | D        | Reached skill level 5 in Fighting
   658 | D        | Reached skill level 13 in Maces & Flails
   658 | D        | Reached skill level 5 in Shields
   684 | D        | Killed a gargoyle
   798 | D        | Noticed a kobold demonologist
   799 | D        | Reached * piety under the Shining One
   801 | D        | Noticed a kobold demonologist
   816 | D        | Noticed a demonic crawler
   816 | D        | Reached ** piety under the Shining One
   820 | D        | Killed a kobold demonologist
   820 | D        | Reached skill level 1 in Dodging
   820 | D        | Reached XP level 8. HP: 52/52 MP: 7/10
   822 | D        | Noticed a soul eater
   824 | D        | Noticed a rust devil
   827 | D        | Paralysed by a floating eye for 3 turns
   831 | D        | Slain by an iron imp

Skill      XL: |  1  2  3  4  5  6  7 |
---------------+----------------------+-----
Maces & Flails | 6 9 12 13 | 13.4
Fighting       | 4 6 |  6.4
Armour         | 5 7 |  7.5
Shields        | 4 6 |  6.6
Dodging        | 1 |  1.2
Invocations    | 2 |  2.7

Action                   |  1- 3 |  4- 6 |  7- 9 || total
-------------------------+-------+-------+-------++-------
Melee: Flail             |    13 |    34 |    20 ||    67
  Use: Potion            |       |       |     1 ||     1
Armor: Scale mail        |     5 |     3 |     5 ||    13
Dodge: Dodged            |       |     5 |     3 ||     8
Block: Shield            |     5 |    11 |     4 ||    20
